 Dungeon Crawl Stone Soup version 0.27.0-1-g7a089689b8 (webtiles) character file.

Game seed: 15828084050309709839

58 bande the Skirmisher (level 4, -1/29 HPs)
             Began as a Gargoyle Fighter on Aug 2, 2021.
             Slain by a black bear (4 damage)
             ... on level 2 of the Dungeon.
             The game lasted 00:02:52 (2034 turns).

bande the Skirmisher (Gargoyle Fighter)             Turns: 2034, Time: 00:02:53

Health: -1/29      AC: 11    Str: 20    XL:     4   Next: 2%
Magic:  4/4        EV:  7    Int:  8    God:
Gold:   32         SH:  9    Dex: 10    Spells: 3/3 levels left

rFire    . . .     SeeInvis .   a - +0 war axe
rCold    . . .     Faith    .   c - +0 kite shield
rNeg     + . .     Spirit   .   b - +0 scale mail
rPois    ∞         Reflect  .   (no helmet)
rElec    +         Harm     .   f - +0 cloak
rCorr    .         Rampage  .   (no gloves)
Will     .....                  (no boots)
Stlth    ..........             (no amulet)
HPRegen  0.09/turn              (no ring)
MPRegen  0.09/turn              (no ring)

@: mighty
A: sickness immunity, AC +3, negative energy resistance 1, electricity
resistance, torment resistance 1, petrification resistance
a: no special abilities


You were on level 2 of the Dungeon.
You visited 1 branch of the dungeon, and saw 2 of its levels.

You collected 32 gold pieces.

Inventory:

Hand Weapons
 a - a +0 war axe (weapon)
Armour
 b - a +0 scale mail (worn)
 c - a +0 kite shield (worn)
 f - a +0 cloak (worn)
Scrolls
 e - a scroll of identify {unknown}
 h - a scroll of acquirement {unknown}
Potions
 d - a potion of might
 g - 3 potions of curing


   Skills:
 + Level 3.8 Fighting
 + Level 2.6 Axes
 + Level 3.6 Armour
 + Level 0.4 Dodging
 + Level 3.7 Shields


You had 3 spell levels left.
You didn't know any spells.
Your spell library contained the following spells:

 Spells                   Type           Power      Damage    Failure   Level
 Gell's Gravitas          Tloc           0%         N/A       100%        3
 Lesser Beckoning         Tloc           0%         N/A       100%        3
 Teleport Other           Tloc           0%         N/A       100%        3


Dungeon Overview and Level Annotations

Branches:
Dungeon (2/15)

Altars:


Innate Abilities, Weirdness & Mutations

You are immune to sickness and miasma.
Your stone body is resilient. (AC +3)
You are immune to poison.
You resist negative energy. (rN+)
You are resistant to electric shocks. (rElec)
You are resistant to unholy torment.
You are immune to petrification.


Message History

The black bear claws you.
* * * LOW HITPOINT WARNING * * *
The black bear claws you.
* * * LOW HITPOINT WARNING * * *
The black bear bites you but does no damage.
The black bear claws you but does no damage.
You block the black bear's attack.
It was a potion of curing.
You feel better.
The black bear bites you but does no damage.
The black bear claws you but does no damage.
You block the black bear's attack.
You feel very mighty all of a sudden. The black bear bites you.
* * * LOW HITPOINT WARNING * * *
The black bear claws you but does no damage.
The black bear barely misses you.
You hit the black bear.
The black bear is severely wounded.
You block the black bear's attack.
The black bear claws you but does no damage. x2
The black bear bites you but does no damage.
The black bear claws you but does no damage.
The black bear claws you.
* * * LOW HITPOINT WARNING * * *
You feel better. You block the black bear's attack.
The black bear claws you but does no damage. x2
You barely miss the black bear.
The black bear is severely wounded.
The black bear goes berserk!
You closely miss the black bear.
The black bear is severely wounded.
The black bear bites you.
* * * LOW HITPOINT WARNING * * *
The black bear claws you.
* * * LOW HITPOINT WARNING * * *
You block the black bear's attack. x2
The black bear claws you but does no damage. x2
The black bear bites you but does no damage.
The black bear claws you.
You die...

..# #.# #.# #.# #.#
#####
#.####.############....
#..<................###
######.###.###.####.# #
#@# #.###.## #.### #h#
#......# #.... #.#
#.###..###..## ..# #.#
#.......# ###
#.#....†##..#
######.#.###.##..## ...
..... #....... #..
.....###.....## #.#
####.....###.##


You could see a black bear (berserk).

Vanquished Creatures
  7 bats
  7 endoplasms
  3 hobgoblins (D:1)
  10 jackals
  3 quokkas (D:1)
  8 ball pythons
  2 frilled lizards (D:1)
  3 goblins
  3 kobolds
  4 rats
50 creatures vanquished.

Notes
Turn   | Place    | Note
-------+----------+-------------------------------------------
     0 | D:1      | bande the Gargoyle Fighter began the quest for the Orb.
     0 | D:1      | Reached XP level 1. HP: 14/14 MP: 1/1
   336 | D:1      | Reached XP level 2. HP: 19/19 MP: 2/2
   613 | D:1      | Reached XP level 3. HP: 9/23 MP: 3/3
  2008 | D:2      | Reached XP level 4. HP: 29/29 MP: 4/4
  2016 | D:2      | Noticed a black bear
  2034 | D:2      | Slain by a black bear

Illustrated notes

Levels and vault maps discovered:
D:1:      sevenhm_arrival_forest_fort_large_3, layout_basic
D:2:      layout_loops_ring

Skill      XL: |  1  2 |
---------------+-------+-----
Axes           | 2 |  2.6
Fighting       | |  3.8
Armour         | |  3.6
Dodging        | |  0.4
Shields        | |  3.7

Action                   |  1- 3 |  4- 6 || total
-------------------------+-------+-------++-------
Melee: War axe           |   119 |    13 ||   132
  Use: Scroll            |     2 |       ||     2
       Potion            |       |     3 ||     3
Armor: Scale mail        |    88 |    27 ||   115
Dodge: Dodged            |    55 |    16 ||    71
Block: Kite shield       |    63 |    17 ||    80
